 Dungeon Crawl Stone Soup version 0.26.1-11-gd32895ea62 (webtiles) character file.

Game seed: 15328840039159986500

375 hawla the Conjurer (level 6, -3/34 HPs)
             Began as a Deep Elf Conjurer on July 5, 2021.
             Killed from afar by an orc wizard (12 damage)
             ... with a puff of flame
             ... on level 4 of the Dungeon.
             The game lasted 00:10:35 (4830 turns).

hawla the Conjurer (Deep Elf Conjurer)              Turns: 4830, Time: 00:10:36

Health: -3/34      AC:  3    Str:  6    XL:     6   Next: 44%
Magic:  1/12       EV: 13    Int: 25    God:
Gold:   334        SH:  4    Dex: 13    Spells: 4/11 levels left

rFire    . . .     SeeInvis .   (no weapon)
rCold    . . .     Faith    .   (no shield)
rNeg     . . .     Spirit   .   a - +0 robe
rPois    .         Reflect  .   (no helmet)
rElec    .         Harm     .   i - scarf {+Inv}
rCorr    .         Rampage  .   g - +0 pair of gloves
Will     .....                  (no boots)
Stlth    +.........             (no amulet)
HPRegen  0.11/turn              m - ring of flight
MPRegen  0.13/turn              c - ring of attention (curse)

@: no status effects
A: large bone plates 1, strong 1
a: Evoke Invisibility, Evoke Flight


You were on level 4 of the Dungeon.
You visited 1 branch of the dungeon, and saw 4 of its levels.

You collected 334 gold pieces.

Inventory:

Missiles
 l - 5 poisoned darts
Armour
 a - a +0 robe (worn)
 g - a +0 pair of gloves (worn)
 i - a scarf of invisibility (worn)
Jewellery
 c - a cursed ring of attention (right hand)
 m - a ring of flight (left hand)
Scrolls
 e - a scroll of magic mapping {unknown}
 h - a scroll of enchant armour {unknown}
 p - a scroll of amnesia
 q - 5 scrolls of remove curse
Potions
 b - 2 potions of cancellation
 f - a potion of berserk rage
 n - 4 potions of might {unknown}
 o - 2 potions of ambrosia


   Skills:
 + Level 1.0 Fighting
 + Level 2.4 Dodging
 + Level 3.3 Stealth
 + Level 3.2 Spellcasting
 + Level 6.8 Conjurations
 + Level 4.0 Translocations


You had 4 spell levels left.
You knew the following spells:

 Your Spells              Type           Power        Failure   Level
a - Magic Dart            Conj           100%         1%          1
b - Searing Ray           Conj           76%          1%          2
c - Iskenderun's Mystic   Conj/Tloc      31%          11%         4

Your spell library contained the following spells:

 Spells                   Type           Power        Failure   Level
 Dazzling Flash           Conj/Hex       42%          8%          3
 Fulminant Prism          Conj/Hex       10%          24%         4


Dungeon Overview and Level Annotations

Branches:
Dungeon (4/15)
 Temple: D:4-7

Altars:
Ashenzari

Shops:
D:4 !


Innate Abilities, Weirdness & Mutations

You are partially covered in large bone plates. (SH +4)
Your muscles are strong. (Str +2)


Message History

The puff of flame misses you.
The orc wizard gestures at you while chanting.
The puff of flame hits you!
You hit the orc wizard but do no damage.
The orc wizard is severely wounded.
The orc wizard points at you and mumbles some strange words.
The puff of flame hits you!
As you read the scroll labelled NUEKKU DOAPIH, it crumbles to dust.
The scroll dissolves into smoke.
It was a scroll of fog.
The orc wizard casts a spell at you. The puff of frost hits you.
* * * LOW HITPOINT WARNING * * *
The orc wizard gestures at itself while chanting.
The orc wizard flickers and vanishes!
Deactivating autopickup; reactivate with Ctrl-A.
Your magical contamination has completely faded away.
You hear some strange, mumbled words.
A puff of flame appears from out of thin air!
The puff of flame hits you!
You die...

##.####......#..#.########.#
##.# ###..................##
##.# #.###.##.##.........###
.#.# #.# #....##............
<... #.# #...............#
.### .......####§)...)...#
.... ###...##§{§§.......(##
#### #### #§##§...[.....## #
#@##)..........## #
#§##............##
#.##......(.....#.
#.#####.#......... #.#
#.##........
#.#####.###.##.... #.......#
#####.#. #...##### ###.#.
#.#.# #.<.#.


There were no monsters in sight!

Vanquished Creatures
  A scorpion (D:4)
  A howler monkey (D:4)
  A hound (D:4)
  An orc priest (D:3)
  An iguana (D:4)
  2 orc wizards (D:4)
  3 adders
  An ooze (D:1)
  4 worms
  A dart slug (D:1)
  6 leopard geckos
  13 orcs
  A ball python (D:3)
  6 giant cockroaches
  8 goblins
  8 hobgoblins
  5 jackals
  9 kobolds
  A quokka (D:2)
  13 bats
  4 frilled lizards
  7 rats
97 creatures vanquished.

Notes
Turn   | Place    | Note
-------+----------+-------------------------------------------
     0 | D:1      | hawla the Deep Elf Conjurer began the quest for the Orb.
     0 | D:1      | Reached XP level 1. HP: 10/10 MP: 6/6
   125 | D:1      | Reached skill level 1 in Translocations
   125 | D:1      | Reached XP level 2. HP: 16/16 MP: 2/8
   362 | D:1      | Learned a level 2 spell: Searing Ray
   370 | D:1      | Reached skill level 1 in Fighting
   696 | D:1      | Reached XP level 3. HP: 20/20 MP: 3/9
  1383 | D:2      | Reached skill level 5 in Conjurations
  1910 | D:2      | Reached XP level 4. HP: 23/25 MP: 4/10
  1915 | D:2      | Learned a level 4 spell: Iskenderun's Mystic Blast
  3387 | D:3      | Gained mutation: Your muscles are strong. (Str +2) [potion
                  | of mutation]
  3387 | D:3      | Gained mutation: You are partially covered in large bone
                  | plates. (SH +4) [potion of mutation]
  3392 | D:3      | Reached XP level 5. HP: 11/29 MP: 0/11
  4157 | D:4      | Reached skill level 6 in Conjurations
  4340 | D:4      | Found a broken altar of Ashenzari.
  4402 | D:4      | Found Qaskiume's Distillery.
  4584 | D:4      | Reached XP level 6. HP: 32/34 MP: 7/12
  4830 | D:4      | Killed from afar by an orc wizard

Illustrated notes

Levels and vault maps discovered:
D:1:      nicolae_arrival_somewhat_less_tricky_arrival, layout_basic
D:2:      layout_loops_ring
D:3:      layout_loops_corners
D:4:      layout_loops_ring, serial_shops, nicolae_shop_stone, ashenzari_altar_1

Skill      XL: |  1  2  3  4  5  6 |
---------------+-------------------+-----
Translocations | 1 2 3 4 |  4.0
Fighting       | 1 |  1.0
Conjurations   | 5 6 |  6.8
Stealth        | 3 |  3.3
Dodging        | |  2.4
Spellcasting   | |  3.2

Action                   |  1- 3 |  4- 6 || total
-------------------------+-------+-------++-------
Melee: Unarmed           |       |     9 ||     9
       Long sword        |       |     6 ||     6
 Cast: Magic Dart        |    54 |    13 ||    67
       Searing Ray       |    15 |    35 ||    50
       Iskenderun's Myst |       |     2 ||     2
  Use: Scroll            |     4 |     9 ||    13
       Potion            |       |     6 ||     6
Armor: Robe              |     1 |     7 ||     8
       Skin              |       |     1 ||     1
Dodge: Dodged            |    10 |    24 ||    34
Block: Other             |       |     6 ||     6
       Rpst.: Long sword |       |     1 ||     1
